 Dungeon Crawl Stone Soup version 0.29.1-1-gd02db6906a (webtiles) character file.

Game seed: 11365755041933707573

112 GeoRichter the Slasher (level 4, -2/33 HPs)
             Began as a Demonspawn Gladiator on Oct 18, 2022.
             Was an Initiate of Kikubaaqudgha.
             Slain by Eustachio
             ... wielding a +6 rapier of holy wrath
              (3 damage)
             ... on level 4 of the Dungeon.
             The game lasted 00:03:39 (1760 turns).

GeoRichter the Slasher (Demonspawn Gladiator)       Turns: 1760, Time: 00:03:40

Health: -2/33      AC:  7    Str: 14    XL:     4   Next: 63%
Magic:  4/4        EV: 11    Int: 10    God:    Kikubaaqudgha [......]
Gold:   161        SH:  0    Dex: 16    Spells: 3/3 levels left

rFire   . . .      SeeInvis .   a - +0 long sword
rCold   . . .      Faith    .   (no shield)
rNeg    . . .      Spirit   .   n - +0 ring mail
rPois   .          Reflect  .   c - +0 helmet
rElec   .          Harm     .   (no cloak)
rCorr   .          Rampage  .   (no gloves)
Will    .....                   e - +0 pair of boots
Stlth   +.........              (no amulet)
HPRegen 0.11/turn               (no ring)
MPRegen 0.09/turn               (no ring)

@: no status effects
A: spiny 1, weakness stinger 1
a: Renounce Religion


You were on level 4 of the Dungeon.
You worshipped Kikubaaqudgha.
Kikubaaqudgha was noncommittal.
You visited 1 branch of the dungeon, and saw 4 of its levels.

You collected 161 gold pieces.

Inventory:

Hand Weapons
 a - a +0 long sword (weapon)
Missiles
 d - 3 throwing nets {!f}
 m - 9 stones (quivered)
 o - 4 curare-tipped darts {!f}
Armour
 c - a +0 helmet (worn)
 e - a +0 pair of boots (worn)
   (You found it on level 2 of the Dungeon)
 n - a +0 ring mail (worn)
   (You found it on level 2 of the Dungeon)
Scrolls
 g - 2 scrolls of enchant armour {unknown}
 j - a scroll of silence {unknown}
 k - a scroll of butterflies {unknown}
Potions
 f - a potion of haste {unknown}
 h - a potion of heal wounds {unknown}
 i - a potion of attraction {unknown}
 l - a potion of brilliance {unknown}


   Skills:
 - Level 2.1 Fighting
 * Level 4.9 Long Blades
 - Level 1.7 Throwing
 - Level 2.6 Dodging


You had 3 spell levels left.
You didn't know any spells.
Your spell library contained the following spells:

 Spells                   Type           Power      Damage    Failure   Level
 Sublimation of Blood     Necr           0%         N/A       75%         2
 Wereblood                Tmut           0%         N/A       75%         2
 Ozocubu's Armour         Ice            0%         N/A       93%         3
 Metabolic Englaciation   Hex/Ice        0%         N/A       100%        5
 Simulacrum               Ice/Necr       0%         N/A       100%        6
 Summon Hydra             Summ           0%         N/A       100%        7


Dungeon Overview and Level Annotations

Branches:
Dungeon (3/15) Zot: 22221

Altars:
Kikubaaqudgha
Nemelex Xobeh

Annotations:
D:4 Eustachio


Innate Abilities, Weirdness & Mutations

You are partially covered in sharp spines.
You have a small tail.


Message History

Found 7 gold pieces.
Found a stone staircase leading up.
A sourceless malevolence fills the Dungeon...
You fall into a shaft and drop 1 floor!
The shaft crumbles and collapses.
You hear the sound of rushing water.
There is an entrance to a sewer on this level.
Hurry and find it before the portal rusts away!
Found 10 gold pieces.
Found an ancient bone altar of Kikubaaqudgha.
There is an ancient bone altar of Kikubaaqudgha here.
You kneel at the altar of Kikubaaqudgha.
Kikubaaqudgha welcomes you!
You now have 161 gold pieces (gained 10).
You open the door.
There is an open door here.
Found a stone staircase leading up.
Found a robe.
There is a stone staircase leading up here.
As you open the door, it creaks loudly!
You hear a shout!
You hear an angry hiss.
Eustachio the Magnificent comes into view.
He is wielding a +6 rapier of holy wrath.
Found a sparkling altar of Nemelex Xobeh.
Eustachio shouts!
There is an open door here.
You hit Eustachio.
Your tail-slap misses Eustachio.
Eustachio yells, "Perjured traitor, DIE!"
Eustachio hits you with a +6 rapier of holy wrath!
You convulse.
You closely miss Eustachio.
Eustachio hits you with a +6 rapier of holy wrath.
* * * LOW HITPOINT WARNING * * *
You convulse.
* * * LOW HITPOINT WARNING * * *
You barely miss Eustachio. Eustachio is struck by your spines.
Eustachio hits you but does no damage.
You hit Eustachio.
An endoplasm comes into view.
Eustachio closely misses you. Eustachio is struck by your spines.
Eustachio hits you with a +6 rapier of holy wrath.
* * * LOW HITPOINT WARNING * * *
You convulse.
* * * LOW HITPOINT WARNING * * *
There is an open door here.
Eustachio attacks as you move away!
Eustachio hits you with a +6 rapier of holy wrath!
* * * LOW HITPOINT WARNING * * *
You convulse.
You die...
Kikubaaqudgha rasps: "You have failed me!
Welcome... death!"

.. ♣.### ._. ♣...#
J..♣...# ♣♣.♣...#
......# .
♣♣♣♣♣...# ..
........# #.
#..####@#
####.######.@.#
..............#
..........<...#
..............#
....[.........#
######..##...#
#######.##..######
.................#
.................#


You could see Eustachio.

Vanquished Creatures
  7 adders (D:2)
  A worm (D:2)
  A dart slug (D:2)
  An orc (D:2)
  4 ball pythons
  3 bats
  3 endoplasms
  A giant cockroach (D:2)
  6 goblins
  5 hobgoblins
  3 kobolds
  2 quokkas
  2 frilled lizards
  2 rats
41 creatures vanquished.

Notes
Turn   | Place    | Note
-------+----------+-------------------------------------------
     0 | D:1      | GeoRichter the Demonspawn Gladiator began the quest for the
                  | Orb.
     0 | D:1      | Reached XP level 1. HP: 16/16 MP: 1/1
    74 | D:1      | Reached skill level 3 in Long Blades
   183 | D:1      | Gained mutation: You are partially covered in sharp spines.
                  | [demonic ancestry]
   183 | D:1      | Reached XP level 2. HP: 22/22 MP: 2/2
   806 | D:2      | Gained mutation: You have a small tail. [demonic ancestry]
   806 | D:2      | Reached XP level 3. HP: 27/27 MP: 3/3
  1005 | D:2      | Reached skill level 4 in Long Blades
  1277 | D:2      | Reached XP level 4. HP: 33/33 MP: 4/4
  1632 | D:2      | Found a faded altar of an unknown god.
  1720 | D:3      | You fall into a shaft and drop 1 floor!
  1720 | D:4      | Found an ancient bone altar of Kikubaaqudgha.
  1723 | D:4      | Became a worshipper of Kikubaaqudgha
  1751 | D:4      | Found a sparkling altar of Nemelex Xobeh.
  1751 | D:4      | Noticed Eustachio
  1760 | D:4      | HP: 1/33 [Eustachio/+6 rapier of holy wrath (7)]
  1760 | D:4      | Slain by Eustachio

Illustrated notes

Levels and vault maps discovered:
D:1:      minmay_arrival_checkered_box, layout_basic, hangedman_decor_lopped
D:2:      layout_rooms, hellmonk_ecumenical_altar_leap_of_faith, minivault_5
D:3:      layout_rooms, serial_shops, nicolae_diamond_shop
D:4:      layout_gridville, lemuel_doored_altar,
          mainiacjoe_overflow_cross_hatched,
          mainiacjoe_overflow_six_doors_small, gup_sewer_entry_glass,
          uniq_robin, uniq_eustachio, uniq_pikel

Skill      XL: |  1  2  3 |
---------------+----------+-----
Long Blades    | 3 4 |  4.9
Fighting       | |  2.1
Throwing       | |  1.7
Dodging        | |  2.6

Action                   |  1- 3 |  4- 6 || total
-------------------------+-------+-------++-------
Melee: Long sword        |    63 |    23 ||    86
       Tailslap          |     2 |     1 ||     3
       Punch             |     2 |       ||     2
Throw: Javelin           |     1 |       ||     1
       Stone             |     2 |    13 ||    15
 Stab: Sleeping          |     1 |       ||     1
Armor: Leather armour    |    11 |       ||    11
       Ring mail         |       |     7 ||     7
Dodge: Dodged            |    34 |    12 ||    46
